 Dungeon Crawl Stone Soup version 0.14-a0-2080-ge317583 (webtiles) character file.

2760 Piginabag the Fighter (level 9, -2/93 HPs)
             Began as a Grey Draconian Monk on Jan 24, 2014.
             Slain by an orc knight
             ... wielding a cursed -3,-1 orcish battleaxe
              (32 damage)
             ... on Level 7 of the Dungeon on Jan 25, 2014.
             The game lasted 00:12:46 (5454 turns).

Piginabag the Fighter (Grey Draconian Monk)         Turns: 5454, Time: 00:12:47

HP  -2/93        AC 15     Str 22      XL: 9   Next: 27%
MP   9/9         EV 13     Int 11      God:
Gold 281         SH  0     Dex 13      Spells:  0 memorised,  8 levels left

rFire  . . .     SeeInvis .       - Unarmed
rCold  . . .     Clarity  .     (armour unavailable)
rNeg   . . .     Conserve .     (no shield)
rPois  .         rCorr    +     (helmet restricted)
rElec  .         rRot     .     G - +0 cloak
SustAb . .       Spirit   .     o - +1 pair of gloves
rMut   .         Warding  .     (no boots)
Saprov . . .     Stasis   .     O - amulet of resist corrosion
MR     .....                    (no ring)
                                g - +2,+6 ring of slaying

@: mighty, not resistant to hostile enchantments, fairly stealthy
A: walk through water, unfitting armour, unbreathing, AC +12
a: no special abilities


You were on level 7 of the Dungeon.
You were not hungry.

You visited 1 branch of the dungeon, and saw 7 of its levels.
You also visited: Sewer and Bailey.

You collected 281 gold pieces.

Inventory:

Armour
 o - a +1 pair of gloves (worn)
 G - a +0 cloak (worn)
Magical devices
 q - a wand of enslavement (16) {unknown}
 D - a wand of disintegration (18) {unknown}
Comestibles
 b - 6 bread rations
 h - 2 meat rations
 l - a choko
 A - a pear
 K - a lychee
 P - 2 chunks of worm flesh
Scrolls
 a - 2 scrolls of random uselessness {unknown}
 c - a scroll of curse weapon {unknown}
 d - 4 scrolls of enchant weapon II {unknown}
 e - 3 scrolls of identify
 i - 2 scrolls of blinking {unknown}
 n - a scroll of magic mapping {unknown}
 t - a scroll of amnesia {unknown}
 w - 2 scrolls of noise {unknown}
 x - a scroll of fear {unknown}
 y - 4 scrolls of teleportation {unknown}
 C - 5 scrolls of remove curse {unknown}
 E - a scroll of enchant weapon I {unknown}
 H - a scroll of recharging {unknown}
 I - a scroll of enchant weapon III {unknown}
 J - a scroll of enchant armour {unknown}
 M - a scroll of immolation {unknown}
Jewellery
 g - a +2,+6 ring of slaying (left hand)
 F - an uncursed amulet of faith
 O - an amulet of resist corrosion (around neck)
Potions
 f - 3 potions of invisibility {unknown}
 j - a potion of curing {unknown}
 k - a potion of flight {unknown}
 m - 4 potions of heal wounds
 p - a potion of mutation {unknown}
 r - a potion of might
 s - a potion of beneficial mutation {unknown}
 u - a potion of magic {unknown}
 v - 2 potions of agility {unknown}
 z - a potion of brilliance {unknown}
Books
 B - a book of Clouds

   Spells                             Type                      Level
   Mephitic Cloud                     Conjuration/Poison/Air       3
   Conjure Flame                      Conjuration/Fire             3
   Poisonous Cloud                    Conjuration/Poison/Air       6
   Freezing Cloud                     Conjuration/Ice/Air          6
   Ring of Flames                     Charms/Fire                  7


   Skills:
 + Level 13.5 Fighting
 - Level 2.6 Dodging
 - Level 1.7 Stealth
 - Level 4.0 Unarmed Combat


You had 8 spell levels left.
You didn't know any spells.

Dungeon Overview and Level Annotations

Branches:
Dungeon (7/16)
 Temple: D:4-7

Altars:
Fedhas
Vehumet
Yredelemnul

Shops:
D:5 %

Annotations:
D:2 exclusion: downstairs
D:3 Grinder
D:6 exclusion: 2 doors


Innate Abilities, Weirdness & Mutations

You can walk through water.
Your dull iron-grey scales are very hard (AC +12).
Your body does not fit into most forms of armour.
Your cold-blooded metabolism reacts poorly to cold.
You can survive without breathing.


Message History

The orc knight is heavily wounded.
The hobgoblin misses you.
The orc knight roars a battle-cry!
The orcs go into a battle-frenzy!
The orc knight barely misses you. The hobgoblin barely misses you.
An orc comes into view.
It is wielding a glowing orcish hand axe.
You barely miss the orc knight.
The orc knight is heavily wounded.
The orc warrior hits you with an orcish war axe!
The goblin barely misses you.
The hobgoblin hits you but does no damage.
The orc knight hits you with a glowing orcish battleaxe!
The hobgoblin hits you but does no damage.
The orc warrior closely misses you. The goblin closely misses you.
The hobgoblin closely misses you.
The hobgoblin hits you but does no damage.
Welcome back to the Dungeon!
There is an empty arch of ancient stone here.
The orc knight hits you with a glowing orcish battleaxe!
You die...

........ ....... ........
........
.#......##......######
#.............###.....
.......###..#)#..###. #
#.# #..#)#..###..#)#.
####.###..###.......###.
..%......................
..(..######.....@g....###
........#)#....o∩o....#)#
###########....gg.....###
#................
#..###.......###.
#..#)#..###..#)#.
#..###..#)#..###
#.......###....
############


You could see an orc knight, an orc warrior (frenzied), 2 hobgoblins and a
goblin.

Vanquished Creatures
  A hippogriff (D:7)
  A necrophage (D:5)
  A sky beast (D:5)
  2 phantoms
  2 giant goldfish (D:6)
  2 ogres
  Sigmund (D:2)
  5 big kobolds (Sewer)
  3 giant frogs (D:7)
  A jellyfish (D:6)
  3 crimson imps
  3 hounds
  A gnoll shaman (D:4)
  2 big fish (D:6)
  An iguana (D:5)
  5 orc priests
  An orc wizard (D:6)
  Ijyb (D:2)
  An ogre skeleton (D:5)
  14 adders
  5 gnolls (D:4)
  3 green rats (Sewer)
  3 giant mites
  2 inept feature mimics
  15 worms
  An ooze (Sewer)
  15 orcs
  7 ball pythons
  12 bats
  A bat skeleton (D:7)
  9 giant cockroaches
  7 hobgoblins
  4 jackals (D:5)
  3 quokkas
  4 giant geckos
  2 giant newts
  9 goblins
  A jackal zombie (D:6)
  21 kobolds
  A kobold skeleton (D:7)
  19 rats
195 creatures vanquished.

Vanquished Creatures (others)
  An adder (D:6)
1 creature vanquished.

Grand Total: 196 creatures vanquished

Notes
Turn   | Place    | Note
--------------------------------------------------------------
     0 | D:1      | Piginabag, the Draconian Monk, began the quest for the Orb.
     0 | D:1      | Reached XP level 1. HP: 19/19 MP: 1/1
   166 | D:1      | Reached XP level 2. HP: 12/27 MP: 2/2
   744 | D:2      | Noticed Sigmund
   753 | D:2      | Killed Sigmund
   753 | D:2      | Reached skill level 5 in Fighting
   753 | D:2      | Reached XP level 3. HP: 24/37 MP: 3/3
   753 | D:2      | Reached XP level 4. HP: 28/44 MP: 4/4
   894 | D:2      | Reached skill level 6 in Fighting
   901 | D:2      | Found a blossoming altar of Fedhas.
  1098 | D:2      | Reached XP level 5. HP: 49/51 MP: 5/5
  1102 | D:2      | Noticed Ijyb
  1114 | D:2      | Killed Ijyb
  1422 | D:3      | Found a glowing drain.
  1433 | Sewer    | Entered a sewer
  1455 | Sewer    | Reached skill level 7 in Fighting
  1549 | Sewer    | Reached XP level 6. HP: 23/60 MP: 6/6
  1557 | Sewer    | Reached skill level 8 in Fighting
  2023 | Sewer    | Your scales start taking on a dull iron-grey colour.
  2023 | Sewer    | Gained mutation: You can survive without breathing. [draconian maturity]
  2023 | Sewer    | Reached XP level 7. HP: 48/69 MP: 7/7
  2211 | Sewer    | Reached skill level 9 in Fighting
  2629 | D:3      | Noticed Grinder
  2632 | D:3      | Paralysed by Grinder for 7 turns
  2650 | D:3      | Paralysed by Grinder for 6 turns
  2801 | D:4      | Reached skill level 10 in Fighting
  3558 | D:5      | Entered Level 5 of the Dungeon
  3565 | D:5      | Reached XP level 8. HP: 81/81 MP: 8/8
  3605 | D:5      | Found Noshro Khem's Food Boutique.
  3821 | D:5      | Reached skill level 11 in Fighting
  4432 | D:5      | Found a radiant altar of Vehumet.
  4432 | D:5      | Found a basalt altar of Yredelemnul.
  4466 | D:5      | Reached skill level 12 in Fighting
  5081 | D:6      | Reached XP level 9. HP: 88/92 MP: 9/9
  5083 | D:6      | Reached skill level 13 in Fighting
  5398 | D:7      | Found a flagged portal.
  5412 | Bailey   | Entered a bailey
  5439 | Bailey   | Noticed an orc knight
  5454 | D:7      | Slain by an orc knight

Action                   |  1- 3 |  4- 6 |  7- 9 || total
-------------------------+-------+-------+-------++-------
Melee: Unarmed           |    67 |   175 |   434 ||   676
  Use: Potion            |       |     1 |     1 ||     2
       Scroll            |       |       |     3 ||     3
 Stab: Sleeping          |     1 |     1 |       ||     2
